 Dungeon Crawl Stone Soup version 0.23.0 (webtiles) character file.

Game seed: 11346894932124564758

30657 Lanoc the Blocker (level 13, -10/104 HPs)
             Began as a Gnoll Fighter on Feb 13, 2019.
             Was the Champion of Wu Jian.
             Hit by a tomahawk thrown by an orc warrior (14 damage)
             ... led by an orc knight
             ... on level 1 of the Orcish Mines.
             The game lasted 01:00:00 (19987 turns).

Lanoc the Blocker (Gnoll Fighter)                  Turns: 19987, Time: 01:00:02

Health: -10/104    AC: 17    Str: 19    XL:     13   Next: 53%
Magic:  25/25      EV: 14    Int: 16    God:    Wu Jian [******]
Gold:   686        SH: 14    Dex: 14    Spells: 26/28 levels left

rFire    + + .     SeeInvis +   t - +4 dagger (pain)
rCold    + . .     Gourm    .   c - +2 shield
rNeg     + . .     Faith    +   w - +5 scale mail of Xaiseugh {rPois rF+ rN+}
rPois    +         Spirit   .   (no helmet)
rElec    .         Reflect  .   B - scarf {rC+ rF+}
rCorr    .         Harm     .   (no gloves)
MR       .....                  (no boots)
Stlth    ++........             L - amulet of faith
HPRegen  0.27/turn              z - ring of see invisible
MPRegen  0.19/turn              I - +4 ring of protection

@: very slightly contaminated
A: distributed training, fangs 1, strong nose
a: Wall Jump, Serpent's Lash, Heavenly Storm, Renounce Religion


You were on level 1 of the Orcish Mines.
You worshipped Wu Jian.
Wu Jian was exalted by your worship.
You were hungry.

You visited 2 branches of the dungeon, and saw 15 of its levels.
You also visited: Ossuary.

You collected 1147 gold pieces.
You spent 461 gold pieces at shops.

Inventory:

Hand Weapons
 e - a +2 vampiric spear
 t - a +4 dagger of pain (weapon)
 F - a +0 scimitar
Missiles
 b - 5 silver tomahawks (quivered)
 i - 81 bolts
 y - 222 arrows
Armour
 c - a +2 shield (worn)
 w - the +5 scale mail of Xaiseugh (worn) {rPois rF+ rN+}
   (You bought it in a shop on level 5 of the Dungeon)

   It protects you from fire.
   It protects you from poison.
   It protects you from negative energy.
 B - a scarf of resistance (worn)
Jewellery
 z - a ring of see invisible (left hand)
 A - an uncursed ring of flight
 G - an uncursed ring of ice
 I - a +4 ring of protection (right hand)
 L - an amulet of faith (around neck)
Wands
 a - a wand of polymorph (22)
 g - a wand of scattershot (6)
 D - a wand of acid (20)
 N - a wand of flame (14)
Scrolls
 d - 5 scrolls of amnesia
 o - 2 scrolls of noise {unknown}
 p - 7 scrolls of teleportation
 q - 3 scrolls of enchant armour
 s - 2 scrolls of summoning {unknown}
 u - 2 scrolls of blinking
 x - 3 scrolls of enchant weapon {unknown}
 J - 2 scrolls of remove curse
 M - a scroll of silence
 P - 2 scrolls of immolation
 Q - a scroll of brand weapon
 R - 2 scrolls of magic mapping
 S - a scroll of fear
Potions
 h - 5 potions of curing
 j - 3 potions of brilliance
 k - 3 potions of mutation
 l - a potion of lignification
 m - a potion of ambrosia
 n - 7 potions of flight
 r - a potion of resistance
 C - 4 potions of haste
 E - a potion of might
 O - a potion of magic
Miscellaneous
 K - a box of beasts
 T - a phantom mirror
Comestibles
 f - 30 rations
 v - 2 chunks of flesh


   Skills:
 + Level 10.4 Fighting
 + Level 8.2 Short Blades
 + Level 9.4 Long Blades
 + Level 8.2 Axes
 + Level 8.2 Maces & Flails
 + Level 8.2 Polearms
 + Level 8.2 Staves
 + Level 8.2 Slings
 + Level 8.2 Bows
 + Level 8.2 Crossbows
 + Level 8.2 Throwing
 + Level 10.4 Armour
 + Level 8.2 Dodging
 + Level 8.2 Stealth
 + Level 10.4 Shields
 + Level 8.2 Unarmed Combat
 + Level 8.2 Spellcasting
 + Level 6.8 Conjurations
 + Level 6.8 Hexes
 + Level 6.8 Charms
 + Level 6.8 Summonings
 + Level 6.8 Necromancy
 + Level 6.8 Translocations
 + Level 6.8 Transmutations
 + Level 6.8 Fire Magic
 + Level 6.8 Ice Magic
 + Level 6.8 Air Magic
 + Level 6.8 Earth Magic
 + Level 6.8 Poison Magic
 + Level 9.0 Invocations
 + Level 8.2 Evocations


You had 26 spell levels left.
You knew the following spells:

 Your Spells              Type           Power        Failure   Level  Hunger
a - Sticks to Snakes      Tmut           ####....     4%          2    None

Your spell library contained the following spells:

 Spells                   Type           Power        Failure   Level  Hunger
 Animate Skeleton         Necr           N/A          2%          1    None
 Beastly Appendage        Tmut           ####..       2%          1    None
 Confusing Touch          Hex            ####..       2%          1    None
 Infusion                 Chrm           ####         2%          1    None
 Pain                     Necr           ####         2%          1    None
 Sandblast                Erth           ####..       2%          1    None
 Summon Small Mammal      Summ           ####         2%          1    None
 Call Imp                 Summ           ####....     4%          2    None
 Passwall                 Tmut/Erth      ####....     4%          2    None
 Shroud of Golubria       Chrm/Tloc      ####......   4%          2    None
 Song of Slaying          Chrm           ####....     4%          2    None
 Call Canine Familiar     Summ           ####....     9%          3    #......
 Confuse                  Hex            ####....     9%          3    #......
 Gell's Gravitas          Tloc           ####......   9%          3    #......
 Regeneration             Chrm/Necr      ####......   9%          3    #......
 Spectral Weapon          Hex/Chrm       ####....     9%          3    #......
 Spider Form              Tmut/Pois      ####......   9%          3    #......
 Stone Arrow              Conj/Erth      ####..       9%          3    #......
 Summon Guardian Golem    Hex/Summ       ####....     9%          3    #......
 Vampiric Draining        Necr           ####......   9%          3    #......
 Animate Dead             Necr           N/A          28%         4    ###....
 Ice Form                 Ice/Tmut       ####....     28%         4    ###....
 Petrify                  Tmut/Erth      ####....     28%         4    ###....
 Summon Ice Beast         Ice/Summ       ####....     28%         4    ###....
 Summon Lightning Spire   Summ/Air       ####....     28%         4    ###....
 Blade Hands              Tmut           ####......   61%         5    #####..
 Lee's Rapid Deconstruct  Erth           ####......   61%         5    #####..
 Metabolic Englaciation   Hex/Ice        ####......   61%         5    #####..
 Yara's Violent Unravell  Hex/Tmut       ####......   61%         5    #####..
 Bolt of Cold             Conj/Ice       ####......   99%         6    ######.
 Freezing Cloud           Conj/Ice/Air   ####......   99%         6    ######.
 Ozocubu's Refrigeration  Ice            ####......   99%         6    ######.
 Simulacrum               Ice/Necr       ####......   99%         6    ######.


Dungeon Overview and Level Annotations

Branches:
Dungeon (13/15)            Temple (0/1) D:6            Lair (0/6) D:10
    Orc (2/2) D:12            Elf (0/3) Orc:2
 Vaults: D:13-14

Altars:
Ashenzari
Dithmenos
Elyvilon
Fedhas
Hepliaklqana
Kikubaaqudgha
Makhleb
Qazlal
Ru
Trog
Uskayaw
Vehumet
Wu Jian
Xom
Zin
The Shining One

Shops:
D:5 *   D:6 *   D:7 }   D:8 *   D:10 !   D:12 **   Orc:2 }

Portals:
Trove: D:12 (give 5 potions of resistance)

Annotations:
D:12 trove 5 pots of resistance
D:13 4 runed translucent doors


Innate Abilities, Weirdness & Mutations

Your experience applies equally to all skills.
You have very sharp teeth.
Your uncanny sense of smell can sniff out nearby items.


Message History

Okay, then.
The orc priest invokes the aid of Beogh against you.
Beogh smites you!
* * * LOW HITPOINT WARNING * * *
The orc knight roars a battlecry!
The orcs go into a battle-frenzy!
The orc priest miscasts a cantrip.
You block the orc wizard's attack.
Blink to where?
Press: ? - help, Dir - move target cursor You are very lightly contaminated with residual magic.
As you read the scroll of blinking, it crumbles to dust.
A mysterious force pulls you upwards. The hatch slams shut behind you.
The orc warrior shouts! 3 orcs and an orc knight come into view.
The orc knight shouts!
The orc shouts! x3
The orc knight roars a battlecry!
The orcs go into a battle-frenzy!
The orc warrior throws a tomahawk.
The tomahawk hits you!
You die...

## .# ... .#
.oo# ## ##
.$..##. #
#.....$
#o.....
#.....###
#.o....##
#.o..@..#
..^.#......#
. ###.....#
##$.....#
....$##
...### #..#
.##


You could see an orc knight, an orc warrior and 3 orcs.

Vanquished Creatures
  A stone giant (Orc:2)
  Snorg (D:10)
  Josephine (D:12)
  A great orb of eyes (D:13)
  Fannar (D:12)
  A hydra (D:13)
  A centaur warrior (D:13)
  4 two-headed ogres
  2 unseen horrors
  Pikel (D:6)
  An orc knight (Orc:1)
  2 deep elf magi
  An orc sorcerer (D:12)
  A manticore (D:13)
  A cyclops (D:12)
  3 centaur zombies (D:12)
  3 centaur skeletons
  6 trolls
  7 slime creatures
  2 hippogriffs
  A hornet (D:12)
  2 meliai zombies (D:12)
  A water elemental (D:11)
  4 wraiths
  A wyvern (D:9)
  2 yaks (D:7)
  2 basilisks (D:12)
  3 hogs (D:7)
  2 humans
  Eustachio (D:5)
  7 vampire mosquitoes (D:12)
  A warg (Orc:2)
  2 water moccasins (D:8)
  2 porcupines (D:10)
  22 orc warriors
  4 slaves (D:6)
  6 sky beasts
  2 necrophages
  2 eyes of draining
  A black bear (D:12)
  3 ice beasts
  9 ogres
  3 phantoms
  6 centaurs
  A crocodile (D:10)
  7 big kobolds
  8 bullfrogs
  6 gnoll sergeants
  A wyvern skeleton (D:12)
  A water moccasin zombie (D:6)
  2 scorpions
  4 wights (D:12)
  An electric eel (D:11)
  7 howler monkeys
  6 crimson imps
  2 bullfrog zombies (D:12)
  6 hounds
  8 jellies
  15 orc priests
  32 orc wizards
  3 bullfrog skeletons
  12 worker ants
  2 hound zombies
  A hound skeleton (D:5)
  4 mummies
  23 gnolls
  A howler monkey skeleton (D:6)
  15 adders
  A shadow imp (D:11)
  An ooze (D:7)
  An adder skeleton (D:7)
  2 adder zombies
  3 worms (D:9)
  A dart slug (D:2)
  5 leopard geckos
  87 orcs
  A ball python (D:2)
  5 giant cockroaches
  6 goblins
  8 hobgoblins
  8 jackals
  8 quokkas
  2 ball python skeletons
  6 bats
  4 frilled lizards
  4 goblin zombies (Ossuary)
  4 hobgoblin zombies (Ossuary)
  A jackal skeleton (D:4)
  27 kobolds
  3 kobold zombies (Ossuary)
  3 leopard gecko skeletons
  A leopard gecko zombie (D:6)
  An orc zombie (Ossuary)
  8 rats
499 creatures vanquished.

Vanquished Creatures (others)
  A vault guard (D:13)
  2 orc wizards
  A kobold (D:12)
  16 bushes (D:12)
  A plant (D:6)
  7 withered plants (D:12)
28 creatures vanquished.

Grand Total: 527 creatures vanquished

Notes
Turn   | Place    | Note
-------+----------+-------------------------------------------
     0 | D:1      | Lanoc the Gnoll Fighter began the quest for the Orb.
     0 | D:1      | Reached XP level 1. HP: 23/23 MP: 1/1
    24 | D:1      | Reached XP level 2. HP: 23/29 MP: 2/2
   456 | D:1      | Reached XP level 3. HP: 35/35 MP: 3/3
   592 | D:2      | Reached skill level 1 in Invocations
   794 | D:2      | Found a faded altar of an unknown god.
   802 | D:2      | Became a worshipper of the Wu Jian Council
   802 | D:2      | Reached * piety under Wu Jian
   932 | D:2      | Found a shattered altar of Ashenzari.
  1288 | D:3      | Reached skill level 1 in Short Blades
  1288 | D:3      | Reached skill level 1 in Axes
  1288 | D:3      | Reached skill level 1 in Maces & Flails
  1288 | D:3      | Reached skill level 1 in Polearms
  1288 | D:3      | Reached skill level 1 in Staves
  1288 | D:3      | Reached skill level 1 in Slings
  1288 | D:3      | Reached skill level 1 in Bows
  1288 | D:3      | Reached skill level 1 in Crossbows
  1288 | D:3      | Reached skill level 1 in Throwing
  1288 | D:3      | Reached skill level 1 in Dodging
  1288 | D:3      | Reached skill level 1 in Stealth
  1288 | D:3      | Reached skill level 1 in Unarmed Combat
  1288 | D:3      | Reached skill level 1 in Spellcasting
  1288 | D:3      | Reached skill level 1 in Evocations
  1296 | D:3      | Reached XP level 4. HP: 41/41 MP: 5/5
  1355 | D:3      | Reached skill level 1 in Conjurations
  1355 | D:3      | Reached skill level 1 in Hexes
  1355 | D:3      | Reached skill level 1 in Charms
  1355 | D:3      | Reached skill level 1 in Summonings
  1355 | D:3      | Reached skill level 1 in Necromancy
  1355 | D:3      | Reached skill level 1 in Translocations
  1355 | D:3      | Reached skill level 1 in Transmutations
  1355 | D:3      | Reached skill level 1 in Fire Magic
  1355 | D:3      | Reached skill level 1 in Ice Magic
  1355 | D:3      | Reached skill level 1 in Air Magic
  1355 | D:3      | Reached skill level 1 in Earth Magic
  1355 | D:3      | Reached skill level 1 in Poison Magic
  1389 | D:3      | Reached ** piety under Wu Jian
  1570 | D:3      | Found a shimmering altar of Xom.
  1641 | D:3      | Reached XP level 5. HP: 43/47 MP: 6/6
  1920 | D:3      | Noticed a phantom
  1946 | D:3      | Killed a phantom
  1946 | D:3      | Reached XP level 6. HP: 31/53 MP: 8/8
  2292 | D:4      | Found a sand-covered staircase.
  2309 | D:4      | Reached skill level 5 in Long Blades
  2333 | Ossuary  | Entered an ossuary
  2333 | Ossuary  | Noticed a wraith
  2333 | Ossuary  | Noticed a wraith
  2333 | Ossuary  | Noticed a wraith
  2418 | Ossuary  | Reached *** piety under Wu Jian
  2440 | Ossuary  | Noticed a wraith
  2456 | Ossuary  | Killed a wraith
  2456 | Ossuary  | Reached XP level 7. HP: 20/59 MP: 4/10
  3043 | D:4      | Found a hazy altar of Hepliaklqana.
  3208 | D:4      | Found a glowing silver altar of Zin.
  3449 | D:4      | Found a white marble altar of Elyvilon.
  3743 | D:5      | Entered Level 5 of the Dungeon
  3907 | D:5      | Noticed Eustachio
  3942 | D:5      | Killed Eustachio
  3942 | D:5      | Reached XP level 8. HP: 34/67 MP: 7/12
  4202 | D:5      | Found a stormy altar of Qazlal.
  4202 | D:5      | Found a burning altar of Makhleb.
  4203 | D:5      | Found a radiant altar of Vehumet.
  4335 | D:5      | Found Ycvennomn's Assorted Antiques.
  4340 | D:5      | Bought an ancient scale mail for 198 gold pieces
  4340 | D:5      | Bought a scroll labeled DUILOA KAD ARI for 22 gold pieces
  4350 | D:5      | Identified the +5 scale mail of Xaiseugh {rPois rF+ rN+}
                  | (You bought it in a shop on level 5 of the Dungeon)
  4654 | D:5      | Found an ornate altar of the Wu Jian Council.
  4885 | D:6      | Found a staircase to the Ecumenical Temple.
  4885 | D:6      | Noticed Pikel
  4964 | D:6      | Killed Pikel
  4964 | D:6      | Reached XP level 9. HP: 51/73 MP: 14/14
  4971 | D:6      | Reached **** piety under Wu Jian
  5188 | D:6      | Found a glowing silver altar of Zin.
  5647 | D:6      | Found Ibriyhur's Assorted Antiques.
  5672 | D:6      | Bought a scroll labeled JIHOAC NIPIRCH for 29 gold pieces
  5672 | D:6      | Bought a scroll of identify for 58 gold pieces
  5982 | D:7      | Found a shadowy altar of Dithmenos.
  6014 | D:7      | HP: 1/74 [orc priest/divine providence (14)]
  6241 | D:7      | Reached skill level 5 in Invocations
  6407 | D:7      | Reached XP level 10. HP: 73/80 MP: 15/17
  6533 | D:7      | Found a blossoming altar of Fedhas.
  6637 | D:7      | Found an ancient bone altar of Kikubaaqudgha.
  6733 | D:7      | Found a hide-covered altar of Uskayaw.
  6906 | D:7      | Found Teklous's Gadget Boutique.
  7012 | D:7      | Reached skill level 5 in Short Blades
  7012 | D:7      | Reached skill level 5 in Axes
  7012 | D:7      | Reached skill level 5 in Maces & Flails
  7012 | D:7      | Reached skill level 5 in Polearms
  7012 | D:7      | Reached skill level 5 in Staves
  7012 | D:7      | Reached skill level 5 in Slings
  7012 | D:7      | Reached skill level 5 in Bows
  7012 | D:7      | Reached skill level 5 in Crossbows
  7012 | D:7      | Reached skill level 5 in Throwing
  7012 | D:7      | Reached skill level 5 in Dodging
  7012 | D:7      | Reached skill level 5 in Stealth
  7012 | D:7      | Reached skill level 5 in Unarmed Combat
  7012 | D:7      | Reached skill level 5 in Spellcasting
  7012 | D:7      | Reached skill level 5 in Evocations
  7542 | D:8      | Found Xetoe's Serpentskin Sales.
  7610 | D:8      | Noticed a two-headed ogre
  7615 | D:8      | Killed a two-headed ogre
  7981 | D:8      | Reached ***** piety under Wu Jian
  8485 | D:9      | Learned a level 2 spell: Sticks to Snakes
  8866 | D:9      | Reached XP level 11. HP: 74/85 MP: 19/19
  9079 | D:9      | Noticed a moth of wrath
  9082 | D:9      | Found a bloodstained altar of Trog.
  9636 | D:10     | Entered Level 10 of the Dungeon
  9927 | D:10     | Found a staircase to the Lair.
  9952 | D:10     | Found Kyufegent's Distillery.
  9968 | D:10     | Bought a potion of magic for 104 gold pieces
 10165 | D:10     | Reached skill level 5 in Conjurations
 10165 | D:10     | Reached skill level 5 in Hexes
 10165 | D:10     | Reached skill level 5 in Charms
 10165 | D:10     | Reached skill level 5 in Summonings
 10165 | D:10     | Reached skill level 5 in Necromancy
 10165 | D:10     | Reached skill level 5 in Translocations
 10165 | D:10     | Reached skill level 5 in Transmutations
 10165 | D:10     | Reached skill level 5 in Fire Magic
 10165 | D:10     | Reached skill level 5 in Ice Magic
 10165 | D:10     | Reached skill level 5 in Air Magic
 10165 | D:10     | Reached skill level 5 in Earth Magic
 10165 | D:10     | Reached skill level 5 in Poison Magic
 10275 | D:10     | Noticed Snorg
 10307 | D:10     | Killed Snorg
 12228 | D:11     | Found a sacrificial altar of Ru.
 12614 | D:12     | Noticed Josephine
 12713 | D:12     | Noticed a deep elf mage
 12775 | D:12     | Found a portal to a secret trove of treasure.
 13078 | D:12     | Noticed Fannar
 13207 | D:12     | Killed Fannar
 13466 | D:12     | Killed a deep elf mage
 13493 | D:12     | Noticed a two-headed ogre
 13832 | D:12     | Reached XP level 12. HP: 55/96 MP: 22/22
 13881 | D:12     | Reached ****** piety under Wu Jian
 14163 | D:12     | Killed Josephine
 14677 | D:12     | Found Retijycs's Assorted Antiques.
 14682 | D:12     | Bought a scroll labeled ATUYPHY REFF for 25 gold pieces
 14682 | D:12     | Bought a scroll labeled FIURHO INOAG for 25 gold pieces
 14707 | D:12     | Found Tablojy's Assorted Antiques.
 15081 | D:12     | Found a staircase to the Orcish Mines.
 15642 | D:12     | Killed a two-headed ogre
 15915 | D:12     | Found a glowing golden altar of the Shining One.
 16146 | D:12     | Reached skill level 10 in Fighting
 16146 | D:12     | Reached skill level 10 in Armour
 16146 | D:12     | Reached skill level 10 in Shields
 16784 | D:13     | Noticed a two-headed ogre
 16796 | D:13     | Killed a two-headed ogre
 16800 | D:13     | Noticed a five-headed hydra
 16805 | D:13     | Noticed a satyr
 16805 | D:13     | a five-headed hydra changed into a satyr
 16806 | D:13     | Noticed a great orb of eyes
 16806 | D:13     | a satyr changed into a great orb of eyes
 16823 | D:13     | Killed a great orb of eyes
 16866 | D:13     | Killed a vault guard
 17022 | D:13     | Reached XP level 13. HP: 103/103 MP: 24/24
 17881 | D:13     | Found a runed translucent door.
 17893 | D:13     | Found a runed translucent door.
 17904 | D:13     | Found a runed translucent door.
 17915 | D:13     | Found a runed translucent door.
 18031 | D:13     | Noticed a vault guard
 18032 | D:13     | Noticed a vault guard
 18032 | D:13     | Noticed a vault guard
 18091 | Orc:1    | Entered Level 1 of the Orcish Mines
 18437 | D:12     | Paralysed by an orc sorcerer for 4 turns
 18855 | Orc:2    | Entered Level 2 of the Orcish Mines
 19237 | Orc:2    | Found a staircase to the Elven Halls.
 19352 | Orc:2    | Found Xiwniddau's Gadget Shop.
 19361 | Orc:2    | Noticed a stone giant
 19389 | Orc:2    | Killed a stone giant
 19983 | Orc:2    | HP: 3/104 [orc priest/divine providence (12)]
 19987 | Orc:1    | Hit by a tomahawk thrown by an orc warrior

Skill      XL: |  1  2  3  4  5  6  7  8  9 10 11 12 13 |
---------------+----------------------------------------+-----
Invocations    | 1 2 3 4 5 6 7 8 9 |  9.0
Short Blades   | 1 2 3 4 5 6 7 8 |  8.2
Axes           | 1 2 3 4 5 6 7 8 |  8.2
Maces & Flails | 1 2 3 4 5 6 7 8 |  8.2
Polearms       | 1 2 3 4 5 6 7 8 |  8.2
Staves         | 1 2 3 4 5 6 7 8 |  8.2
Slings         | 1 2 3 4 5 6 7 8 |  8.2
Bows           | 1 2 3 4 5 6 7 8 |  8.2
Crossbows      | 1 2 3 4 5 6 7 8 |  8.2
Throwing       | 1 2 3 4 5 6 7 8 |  8.2
Dodging        | 1 2 3 4 5 6 7 8 |  8.2
Stealth        | 1 2 3 4 5 6 7 8 |  8.2
Unarmed Combat | 1 2 3 4 5 6 7 8 |  8.2
Spellcasting   | 1 2 3 4 5 6 7 8 |  8.2
Evocations     | 1 2 3 4 5 6 7 8 |  8.2
Conjurations   | 1 2 3 4 5 6 |  6.8
Hexes          | 1 2 3 4 5 6 |  6.8
Charms         | 1 2 3 4 5 6 |  6.8
Summonings     | 1 2 3 4 5 6 |  6.8
Necromancy     | 1 2 3 4 5 6 |  6.8
Translocations | 1 2 3 4 5 6 |  6.8
Transmutations | 1 2 3 4 5 6 |  6.8
Fire Magic     | 1 2 3 4 5 6 |  6.8
Ice Magic      | 1 2 3 4 5 6 |  6.8
Air Magic      | 1 2 3 4 5 6 |  6.8
Earth Magic    | 1 2 3 4 5 6 |  6.8
Poison Magic   | 1 2 3 4 5 6 |  6.8
Long Blades    | 5 6 7 8 9 |  9.4
Fighting       | 7 8 9 10 | 10.4
Armour         | 7 8 9 10 | 10.4
Shields        | 7 8 9 10 | 10.4

Action                   |  1- 3 |  4- 6 |  7- 9 | 10-12 | 13-15 || total
-------------------------+-------+-------+-------+-------+-------++-------
Melee: Long sword        |   108 |   182 |   415 |       |       ||   705
       Bite              |    11 |    41 |    56 |   251 |    47 ||   406
       Dagger            |       |       |    69 |  1639 |   419 ||  2127
       Scimitar          |       |       |    54 |       |       ||    54
       Spear             |       |       |       |    40 |       ||    40
Throw: Tomahawk          |       |       |       |     9 |     6 ||    15
Invok: Lunge             |     1 |    11 |    24 |   112 |    38 ||   186
       Whirlwind         |       |     2 |    37 |   166 |   111 ||   316
 Abil: Wall Jump         |       |       |       |     1 |     2 ||     3
Evoke: Wand              |       |       |       |    42 |     7 ||    49
  Use: Scroll            |       |     6 |    16 |     8 |     1 ||    31
       Potion            |       |       |     4 |     4 |       ||     8
 Stab: Sleeping          |       |       |       |    18 |     2 ||    20
       Paralysed         |       |       |       |     2 |       ||     2
       Distracted        |       |       |       |     1 |       ||     1
  Eat: Chunk             |     1 |     4 |    25 |    25 |     6 ||    61
       Ration            |       |       |       |     2 |     1 ||     3
Armor: Scale mail        |    48 |    53 |   154 |   322 |    56 ||   633
Dodge: Dodged            |    36 |    56 |   188 |   415 |    73 ||   768
Block: Shield            |    64 |    83 |   259 |   780 |   141 ||  1327
       Rpst.: Long sword |    12 |    21 |    53 |       |       ||    86
       Scimitar          |       |       |     1 |       |       ||     1
